 Dungeon Crawl Stone Soup version 0.27-a0-681-g0c81a3c1c3 (webtiles) character file.

Game seed: 4955993749729780784

11 kenlaan the Cutter (level 2, -1/28 HPs)
             Began as a Kobold Berserker on Mar 19, 2021.
             Was a Follower of Trog.
             Slain by an ooze (4 damage)
             ... on level 1 of the Dungeon.
             The game lasted 00:00:49 (558 turns).

kenlaan the Cutter (Kobold Berserker)                Turns: 558, Time: 00:00:49

Health: -1/28      AC:  2    Str: 14    XL:     2   Next: 35%
Magic:  2/2        EV: 14    Int:  8    God:    Trog [*.....]
Gold:   32         SH:  0    Dex: 14    Spells: 1/1 levels left

rFire    . . .     SeeInvis .   a - +0 short sword
rCold    . . .     Faith    .   (shield restricted)
rNeg     . . .     Spirit   .   b - +0 animal skin
rPois    +         Reflect  .   (no helmet)
rElec    .         Harm     .   (no cloak)
rCorr    .         Rampage  .   (no gloves)
Will     .....                  (no boots)
Stlth    ..........             (no amulet)
HPRegen  0.09/turn              c - ring of poison resistance
MPRegen  0.08/turn              (no ring)

@: berserking, very quick
A: small, no large weapons, nightstalker 3
a: Renounce Religion, Berserk


You were on level 1 of the Dungeon.
You worshipped Trog.
Trog was aware of your devotion.
You visited 1 branch of the dungeon, and saw 1 of its levels.

You collected 32 gold pieces.

Inventory:

Hand Weapons
 a - a +0 short sword (weapon)
Armour
 b - a +0 animal skin (worn)
Jewellery
 c - a ring of poison resistance (right hand)
Scrolls
 d - a scroll of identify {unknown}
Potions
 e - a potion of magic {unknown}
 f - a potion of curing {unknown}


   Skills:
 + Level 3.5 Fighting
 + Level 4.3 Short Blades
 + Level 1.6 Armour
 + Level 2.5 Dodging
 + Level 0.8 Stealth


You had one spell level left.
You didn't know any spells.
Your spell library was empty.

Dungeon Overview and Level Annotations

Branches:
Dungeon (1/15)

Altars:


Innate Abilities, Weirdness & Mutations

You are small and have problems with some larger weapons.
You are completely attuned to the shadows.


Message History

Trog accepts your kill.
You see here a frilled lizard corpse.
You open the door.
Found 23 arrows.
There is an open door here.
A rat comes into view.
Found 12 gold pieces.
A rat is nearby!
The helpless rat fails to defend itself.
You puncture the rat!
You kill the rat!
Trog accepts your kill.
You now have 32 gold pieces (gained 12).
You open the gate.
There is an open gate here.
You open the door.
An ooze comes into view.
There is an open door here.
An ooze is nearby!
A leopard gecko comes into view.
Found a stone staircase leading down.
You hit the leopard gecko.
The leopard gecko is heavily wounded.
The ooze quivers.
The leopard gecko closely misses you.
You hit the leopard gecko.
The leopard gecko is almost dead.
The leopard gecko closely misses you.
You miss the leopard gecko.
The leopard gecko is almost dead.
The leopard gecko bites you. The ooze hits you.
You closely miss the leopard gecko.
The leopard gecko is almost dead.
The leopard gecko bites you. The ooze hits you.
* * * LOW HITPOINT WARNING * * *
A red film seems to cover your vision as you go berserk!
You feel yourself moving faster!
You feel mighty! The leopard gecko bites you.
* * * LOW HITPOINT WARNING * * *
The ooze hits you.
You die...

#################
......#.......(.#
...J..#..†......#####
>..l@.'.........'....
.######.........#....
..............#....
####'''########....
####...## ####.
°###...#☼§ #####
☼§##.⌠.#.§ #....
§○§#...#§ #.... #....


You could see an ooze and a leopard gecko.

Vanquished Creatures
  A dart slug (D:1)
  A quokka (D:1)
  2 bats (D:1)
  3 frilled lizards (D:1)
  A kobold (D:1)
  3 rats (D:1)
11 creatures vanquished.

Notes
Turn   | Place    | Note
-------+----------+-------------------------------------------
     0 | D:1      | kenlaan the Kobold Berserker began the quest for the Orb.
     0 | D:1      | Reached XP level 1. HP: 14/14 MP: 1/1
   268 | D:1      | Reached XP level 2. HP: 17/19 MP: 2/2
   558 | D:1      | Slain by an ooze

Illustrated notes

Levels and vault maps discovered:
D:1:      psy_arrival_statuary, layout_basic, nemelex_altar_shiori

Action                   || total
-------------------------++-------
Melee: Short sword       ||    36
Invok: Berserk           ||     1
 Stab: Sleeping          ||     7
Armor: Animal skin       ||     5
Dodge: Dodged            ||    17

Table legend: (Time is in decaauts)
 A = Elapsed time spent in this place.
 B = Non-inter-level travel time spent in this place.
 C = Inter-level travel time spent in this place.
 D = Time resting spent in this place.
 E = Time spent auto-exploring this place.
 F = Levels seen in this place.
 G = Mean time per level.
                   A        B        C        D        E       F      G
               +--------+--------+--------+--------+--------+-----+--------+
         Total |    553 |    553 |      0 |     94 |    373 |   1 |  553.0 |
       Dungeon |    553 |    553 |      0 |     94 |    373 |   1 |  553.0 |
               +--------+--------+--------+--------+--------+-----+--------+

Top non-repeatable levels by time:
     D:1: 553 daAuts
